TOP OF THE 1ST |
Red Deer Wranglers batting - Pitching for Menlo Maniacs : RHP Ron Williams
|
Pitching: RHP Ron Williams
|
|
Batting: LHB Enrico Vargas
|
0-0: Ball 1-0: Ball 2-0: Ball 3-0: Foul Ball, location: 2F 3-1: Called Strike 3-2: Strikes out looking
|
Batting: SHB José López
|
0-0: Called Strike 0-1: Ball 1-1: Ball 2-1: Fly out, F4 (Line Drive, 4)
|
Batting: RHB Mike Wilcox
|
0-0: Foul Ball, location: 2F 0-1: Swinging Strike 0-2: Ball 1-2: Strikes out looking
|
Top of the 1st over - 0 run(s), 0 hit(s), 0 error(s), 0 left on base; Red Deer 0 - Menlo 0 |
BOTTOM OF THE 1ST |
Menlo Maniacs batting - Pitching for Red Deer Wranglers : RHP Esteban Castro
|
Pitching: RHP Esteban Castro
|
|
Batting: RHB Daryl Floyd
|
0-0: Swinging Strike 0-1: Ball 1-1: Ball 2-1: Swinging Strike 2-2: Foul Ball, location: 2F 2-2: Strikes out swinging
|
Batting: RHB Alberto Hernández
|
Reached via error on a dropped throw, E3
|
Batting: RHB José Aguilera
|
0-0: Ball 1-0: Called Strike 1-1: Foul Ball, location: 2F 1-2: Ball 2-2: Fly out, F2 (Popup, 2LF)
|
Batting: SHB Marvin Harris
|
0-0: Ball 1-0: Ball 2-0: Called Strike 2-1: Ball 3-1: Base on Balls Alberto Hernández to second
|
Batting: LHB Vincente Sáenz
|
0-0: Ball 1-0: Called Strike 1-1: Called Strike 1-2: Foul Ball, location: 2F 1-2: Ball 2-2: Foul Ball, location: 2F 2-2: Ball 3-2: Base on Balls Alberto Hernández to third Marvin Harris to second
|
Batting: RHB Tom Meyer
|
0-0: Foul Ball, location: 2F 0-1: Ball 1-1: Ball 2-1: Foul Ball, location: 2F 2-2: SINGLE (Flyball, 8RS) Alberto Hernández scores Marvin Harris to third Vincente Sáenz to second Runner from 3rd tries for Home, SAFE, no throw or cutoff
|
Batting: LHB Glen Martin
|
0-0: Ball 1-0: Foul Ball, location: 2F 1-1: Ground out 1-3 (Groundball, 15)
|
Bottom of the 1st over - 2 run(s), 1 hit(s), 1 error(s), 2 left on base; Red Deer 0 - Menlo 2 |
TOP OF THE 2ND |
Red Deer Wranglers batting - Pitching for Menlo Maniacs : RHP Ron Williams
|
Batting: RHB Orlando Núñes
|
0-0: Ball 1-0: Called Strike 1-1: Called Strike 1-2: SINGLE (Groundball, 6MD)
|
Batting: RHB Mario Sánchez
|
0-0: Called Strike 0-1: Ball 1-1: Fly out, F8 (Flyball, 8RM)
|
Batting: LHB Ron Mayes
|
0-0: Called Strike 0-1: Ball 1-1: Foul Ball, location: 2F 1-2: Ball 2-2: Strikes out swinging
|
Batting: RHB Todd Bryant
|
0-0: Ball 1-0: Ball 2-0: Swinging Strike 2-1: Swinging Strike 2-2: 2-RUN HOME RUN (Flyball, 78XD), Distance : 395 ft
|
Batting: RHB John McDonald
|
0-0: SINGLE (Line Drive, 5L)
|
Batting: RHB Carlos Peña
|
0-0: Called Strike 0-1: Ball 1-1: Ball 2-1: Called Strike 2-2: Ball 3-2: Base on Balls John McDonald to second
|
Batting: LHB Enrico Vargas
|
0-0: Swinging Strike 0-1: Ground out 4-3 (Groundball, 4)
|
Top of the 2nd over - 2 run(s), 3 hit(s), 0 error(s), 2 left on base; Red Deer 2 - Menlo 2 |
BOTTOM OF THE 2ND |
Menlo Maniacs batting - Pitching for Red Deer Wranglers : RHP Esteban Castro
|
Batting: RHB Keitaro Suzuki
|
0-0: Ball 1-0: Ball 2-0: Ball 3-0: Base on Balls
|
Batting: SHB António Trinidad
|
0-0: Ball 1-0: Ball 2-0: Foul Ball, location: 2F 2-1: Ball 3-1: Base on Balls Keitaro Suzuki to second
|
Batting: RHB Daryl Floyd
|
0-0: Foul Ball, location: 2F 0-1: Ball 1-1: Fly out, F8 (Flyball, 8RXD) Runner from 2nd tags up, SAFE at 3rd, no throw
|
Batting: RHB Alberto Hernández
|
0-0: Ball 1-0: Ball 2-0: Fly out, F8 (Flyball, 8LM) Runner from 3rd tags up, SCORES, no throw
|
Batting: RHB José Aguilera
|
0-0: Ball 1-0: Foul Ball, location: 2F 1-1: Swinging Strike 1-2: Ball 2-2: SINGLE (Line Drive, 89S) António Trinidad to second
|
Batting: SHB Marvin Harris
|
0-0: Ball 1-0: Fly out, F5 (Popup, 15S)
|
Bottom of the 2nd over - 1 run(s), 1 hit(s), 0 error(s), 2 left on base; Red Deer 2 - Menlo 3 |
TOP OF THE 3RD |
Red Deer Wranglers batting - Pitching for Menlo Maniacs : RHP Ron Williams
|
Batting: SHB José López
|
0-0: Ball 1-0: Ball 2-0: Called Strike 2-1: Ball 3-1: Base on Balls
|
Batting: RHB Mike Wilcox
|
0-0: Called Strike 0-1: Ball 1-1: Ball 2-1: Fly out, F8 (Flyball, 8RM)
|
Batting: RHB Orlando Núñes
|
0-0: DOUBLE (Line Drive, 5D) José López to third Runner from 3rd tries for Home, SAFE, throw made home
|
Batting: RHB Mario Sánchez
|
0-0: Ground out 5-3 (Groundball, 5L)
|
Batting: LHB Ron Mayes
|
0-0: Foul Ball, location: 2F 0-1: Ball 1-1: Called Strike 1-2: Foul Ball, location: 2F 1-2: Foul Ball, location: 2F 1-2: DOUBLE (Flyball, 78XD) Orlando Núñes scores
|
Batting: RHB Todd Bryant
|
0-0: Ball 1-0: Fly out, F3 (Popup, 34S)
|
Top of the 3rd over - 2 run(s), 2 hit(s), 0 error(s), 1 left on base; Red Deer 4 - Menlo 3 |
BOTTOM OF THE 3RD |
Menlo Maniacs batting - Pitching for Red Deer Wranglers : RHP Esteban Castro
|
Batting: LHB Vincente Sáenz
|
0-0: Ball 1-0: Fly out, F8 (Flyball, 8LM)
|
Batting: RHB Tom Meyer
|
0-0: Ball 1-0: Foul Ball, location: 2F 1-1: Fly out, F8 (Flyball, 8RD)
|
Batting: LHB Glen Martin
|
0-0: Called Strike 0-1: Foul Ball, location: 2F 0-2: Ball 1-2: Foul Ball, location: 2F 1-2: Ball 2-2: Foul Ball, location: 2F 2-2: Ball 3-2: Base on Balls
|
Batting: RHB Keitaro Suzuki
|
0-0: Called Strike 0-1: Ball 1-1: Ball 2-1: Foul Ball, location: 2F 2-2: Ball 3-2: SINGLE (Groundball, 6M) Glen Martin to second Glen Martin to third
|
Batting: SHB António Trinidad
|
0-0: Ball Keitaro Suzuki is caught stealing 2nd base
|
Bottom of the 3rd over - 0 run(s), 1 hit(s), 0 error(s), 0 left on base; Red Deer 4 - Menlo 3 |
TOP OF THE 4TH |
Red Deer Wranglers batting - Pitching for Menlo Maniacs : RHP Ron Williams
|
Batting: RHB John McDonald
|
0-0: Ball 1-0: Foul Ball, location: 2F 1-1: Ground out 3-1 (Groundball, 34)
|
Batting: RHB Carlos Peña
|
0-0: Swinging Strike 0-1: Foul Ball, location: 2F 0-2: Ball 1-2: Ball 2-2: Strikes out swinging
|
Batting: LHB Enrico Vargas
|
0-0: Ball 1-0: Ground out U3 (Groundball, 3S)
|
Top of the 4th over - 0 run(s), 0 hit(s), 0 error(s), 0 left on base; Red Deer 4 - Menlo 3 |
BOTTOM OF THE 4TH |
Menlo Maniacs batting - Pitching for Red Deer Wranglers : RHP Esteban Castro
|
Batting: SHB António Trinidad
|
0-0: Ball 1-0: SINGLE (Groundball, 56D)
|
Batting: RHB Daryl Floyd
|
0-0: Foul Ball, location: 2F 0-1: Foul Ball, location: 2F 0-2: Ball 1-2: Fly out, F8 (Flyball, 8RS)
|
Batting: RHB Alberto Hernández
|
0-0: Ball 1-0: Fly out, F8 (Flyball, 89XD)
|
Batting: RHB José Aguilera
|
0-0: Ball 1-0: Swinging Strike 1-1: Swinging Strike 1-2: Ball 2-2: Foul Ball, location: 2F 2-2: Strikes out looking
|
Bottom of the 4th over - 0 run(s), 1 hit(s), 0 error(s), 1 left on base; Red Deer 4 - Menlo 3 |
TOP OF THE 5TH |
Red Deer Wranglers batting - Pitching for Menlo Maniacs : RHP Ron Williams
|
Batting: SHB José López
|
0-0: DOUBLE (Line Drive, 78M)
|
Batting: RHB Mike Wilcox
|
0-0: Called Strike 0-1: 2-RUN HOME RUN (Flyball, 7D), Distance : 373 ft
|
Batting: RHB Orlando Núñes
|
0-0: Ball 1-0: Foul Ball, location: 2F 1-1: Swinging Strike 1-2: Ball 2-2: Ball 3-2: SINGLE (Groundball, 56D)
|
Batting: RHB Mario Sánchez
|
0-0: Foul Ball, location: 2F 0-1: Ball 1-1: Ball 2-1: SINGLE (Flyball, 8LS) Orlando Núñes to second
|
Batting: LHB Ron Mayes
|
0-0: Ball 1-0: Ball 2-0: Called Strike 2-1: SINGLE (Line Drive, 89S) Orlando Núñes to third Mario Sánchez to second
|
Batting: RHB Todd Bryant
|
0-0: Called Strike 0-1: Called Strike 0-2: Strikes out swinging
|
Batting: RHB John McDonald
|
0-0: Fly out, F4 (Popup, 4D)
|
Batting: RHB Carlos Peña
|
0-0: Ball 1-0: Called Strike 1-1: Ball 2-1: Called Strike 2-2: Ball 3-2: SINGLE (Groundball, 56D) Orlando Núñes scores Mario Sánchez to third Ron Mayes to second Mario Sánchez scores Ron Mayes to third
|
Pitching: RHP Willie McMillan
|
|
Batting: LHB Enrico Vargas
|
0-0: Called Strike 0-1: Ball 1-1: Foul Ball, location: 2F 1-2: Ball 2-2: Fly out, F9 (Flyball, 89M)
|
Top of the 5th over - 4 run(s), 6 hit(s), 0 error(s), 2 left on base; Red Deer 8 - Menlo 3 |
BOTTOM OF THE 5TH |
Menlo Maniacs batting - Pitching for Red Deer Wranglers : RHP Esteban Castro
|
Batting: SHB Marvin Harris
|
0-0: Foul Ball, location: 2F 0-1: Ball 1-1: Called Strike 1-2: Ball 2-2: Foul Ball, location: 2F 2-2: Ball 3-2: Foul Ball, location: 2F 3-2: Fly out, F9 (Line Drive, 89M)
|
Pitching: RHP Paul Barton
|
|
Batting: LHB Vincente Sáenz
|
0-0: Called Strike 0-1: Ball 1-1: Fly out, F7 (Flyball, 7D)
|
Batting: RHB Tom Meyer
|
0-0: SINGLE (Flyball, 89S)
|
Batting: LHB Glen Martin
|
0-0: Ball 1-0: Ball 2-0: Swinging Strike 2-1: Ball 3-1: Base on Balls Tom Meyer to second
|
Batting: RHB Keitaro Suzuki
|
0-0: Swinging Strike 0-1: Called Strike 0-2: Strikes out swinging
|
Bottom of the 5th over - 0 run(s), 1 hit(s), 0 error(s), 2 left on base; Red Deer 8 - Menlo 3 |
TOP OF THE 6TH |
Red Deer Wranglers batting - Pitching for Menlo Maniacs : RHP Willie McMillan
|
Batting: SHB José López
|
0-0: Ball 1-0: Foul Ball, location: 2F 1-1: Fly out, F7 (Flyball, 7M)
|
Batting: RHB Mike Wilcox
|
0-0: Ball 1-0: SINGLE (Groundball, 4M)
|
Batting: RHB Orlando Núñes
|
0-0: SINGLE (Groundball, 4D) Mike Wilcox to second Runner from 2nd tries for 3rd, SAFE, throw made to third
|
Batting: RHB Mario Sánchez
|
0-0: Ball 1-0: Fly out, F9 (Line Drive, 9S)
|
Batting: LHB Ron Mayes
|
0-0: Ball 1-0: Ball 2-0: Swinging Strike 2-1: Foul Ball, location: 2F 2-2: Foul Ball, location: 2F 2-2: Fly out, F8 (Flyball, 8LD)
|
Top of the 6th over - 0 run(s), 2 hit(s), 0 error(s), 2 left on base; Red Deer 8 - Menlo 3 |
BOTTOM OF THE 6TH |
Menlo Maniacs batting - Pitching for Red Deer Wranglers : RHP Paul Barton
|
Batting: SHB António Trinidad
|
0-0: Ball 1-0: Called Strike 1-1: Foul Ball, location: 2F 1-2: Ball 2-2: Ball 3-2: Ground out 4-3 (Groundball, 4)
|
Batting: RHB Daryl Floyd
|
0-0: SINGLE (Flyball, 89S)
|
Batting: RHB Alberto Hernández
|
0-0: Called Strike 0-1: Foul Ball, location: 2F 0-2: Foul Ball, location: 2F 0-2: Foul Ball, location: 2F 0-2: Ball 1-2: Ball 2-2: Strikes out looking
|
Batting: RHB José Aguilera
|
0-0: Called Strike Daryl Floyd is caught stealing 2nd base
|
Bottom of the 6th over - 0 run(s), 1 hit(s), 0 error(s), 0 left on base; Red Deer 8 - Menlo 3 |
TOP OF THE 7TH |
Red Deer Wranglers batting - Pitching for Menlo Maniacs : RHP Willie McMillan
|
Batting: RHB Todd Bryant
|
0-0: SINGLE (Flyball, 78S)
|
Batting: RHB John McDonald
|
0-0: Sac Bunt - play at first, batter OUT! 3-4 Todd Bryant to second
|
Batting: RHB Carlos Peña
|
0-0: Ball 1-0: Ball Todd Bryant is caught stealing 3rd base 2-0: Ball 3-0: Foul Ball, location: 2F 3-1: Base on Balls
|
Batting: LHB Enrico Vargas
|
0-0: Swinging Strike 0-1: Ball 1-1: Called Strike 1-2: Foul Ball, location: 2F 1-2: Ball 2-2: Ball 3-2: Foul Ball, location: 2F 3-2: Ground out 6-3 (Groundball, 6M)
|
Top of the 7th over - 0 run(s), 1 hit(s), 0 error(s), 1 left on base; Red Deer 8 - Menlo 3 |
BOTTOM OF THE 7TH |
Menlo Maniacs batting - Pitching for Red Deer Wranglers : RHP Paul Barton
|
Batting: RHB José Aguilera
|
0-0: Called Strike 0-1: Ball 1-1: Ball 2-1: Ball 3-1: Base on Balls
|
Batting: SHB Marvin Harris
|
0-0: Ball 1-0: Ball 2-0: Ball 3-0: Called Strike 3-1: Called Strike 3-2: Foul Ball, location: 2F 3-2: Fly out, F6 (Popup, 5D)
|
Pitching: RHP Alejandro Arriaza
|
|
Batting: LHB Vincente Sáenz
|
0-0: Ball 1-0: SINGLE (Line Drive, 8LS) José Aguilera to second
|
Batting: RHB Tom Meyer
|
0-0: Ground out U3 (Groundball, 3S) José Aguilera to third Vincente Sáenz to second
|
Batting: LHB Glen Martin
|
0-0: Ball 1-0: Called Strike 1-1: Foul Ball, location: 2F 1-2: Ball 2-2: Foul Ball, location: 2F 2-2: Ball 3-2: Foul Ball, location: 2F 3-2: Ground out U3 (Groundball, 3)
|
Bottom of the 7th over - 0 run(s), 1 hit(s), 0 error(s), 2 left on base; Red Deer 8 - Menlo 3 |
TOP OF THE 8TH |
Red Deer Wranglers batting - Pitching for Menlo Maniacs : RHP Willie McMillan
|
Pitching: RHP Steve Standard
|
|
Batting: SHB José López
|
0-0: Called Strike 0-1: Fly out, F8 (Flyball, 8RXD)
|
Batting: RHB Mike Wilcox
|
0-0: Ball 1-0: Ball 2-0: Ball 3-0: Called Strike 3-1: Called Strike 3-2: Foul Ball, location: 2F 3-2: Strikes out looking
|
Batting: RHB Orlando Núñes
|
0-0: Called Strike 0-1: Foul Ball, location: 2F 0-2: Foul Ball, location: 2F 0-2: Ball 1-2: Foul Ball, location: 2F 1-2: Ball 2-2: Strikes out swinging
|
Top of the 8th over - 0 run(s), 0 hit(s), 0 error(s), 0 left on base; Red Deer 8 - Menlo 3 |
BOTTOM OF THE 8TH |
Menlo Maniacs batting - Pitching for Red Deer Wranglers : RHP Alejandro Arriaza
|
Batting: RHB Keitaro Suzuki
|
0-0: Ball 1-0: Called Strike 1-1: Swinging Strike 1-2: Foul Ball, location: 2F 1-2: SOLO HOME RUN (Line Drive, 78XD), Distance : 414 ft
|
Batting: SHB António Trinidad
|
0-0: Foul Ball, location: 2F 0-1: Ball 1-1: SINGLE (Groundball, 6MD)
|
Batting: RHB Daryl Floyd
|
0-0: Swinging Strike 0-1: Swinging Strike 0-2: Foul Ball, location: 2F 0-2: Ball 1-2: SINGLE (Line Drive, 89M) António Trinidad to second
|
Pitching: RHP Pedro Leal
|
|
Batting: RHB Alberto Hernández
|
0-0: Called Strike 0-1: Fly out, F7 (Line Drive, 7S)
|
Batting: RHB José Aguilera
|
0-0: Ball 1-0: Called Strike 1-1: Fly out, F9 (Flyball, 9LM)
|
Batting: SHB Marvin Harris
|
0-0: Called Strike 0-1: Foul Ball, location: 2F 0-2: Ball 1-2: Ball 2-2: Strikes out swinging
|
Bottom of the 8th over - 1 run(s), 3 hit(s), 0 error(s), 2 left on base; Red Deer 8 - Menlo 4 |
TOP OF THE 9TH |
Red Deer Wranglers batting - Pitching for Menlo Maniacs : RHP Steve Standard
|
Batting: RHB Mario Sánchez
|
0-0: Called Strike 0-1: Ball 1-1: Foul Ball, location: 2F 1-2: Foul Ball, location: 2F 1-2: Ball 2-2: Ground out 6-3 (Groundball, 56)
|
Batting: LHB Ron Mayes
|
0-0: Ground out 4-3 (Groundball, 4)
|
Batting: RHB Todd Bryant
|
0-0: Ball 1-0: Ball 2-0: Called Strike 2-1: Ground out 4-3 (Groundball, 4M)
|
Top of the 9th over - 0 run(s), 0 hit(s), 0 error(s), 0 left on base; Red Deer 8 - Menlo 4 |
BOTTOM OF THE 9TH |
Menlo Maniacs batting - Pitching for Red Deer Wranglers : RHP Pedro Leal
|
Batting: LHB Vincente Sáenz
|
0-0: Ball 1-0: Foul Ball, location: 2F 1-1: Ball 2-1: Ball 3-1: Base on Balls
|
Batting: RHB Tom Meyer
|
0-0: SINGLE (Line Drive, 89S) Vincente Sáenz to second
|
Pitching: RHP Tatsuzo Harada
|
|
Batting: LHB Glen Martin
|
0-0: Ball 1-0: Foul Ball, location: 2F 1-1: Fly out, F8 (Flyball, 8LS)
|
Batting: RHB Keitaro Suzuki
|
0-0: Called Strike 0-1: Ball 1-1: Ball 2-1: Foul Ball, location: 2F 2-2: Ball 3-2: 3-RUN HOME RUN (Line Drive, 7LD), Distance : 349 ft
|
Pinch Hitting: LHB Ron McCoy
|
0-0: Ball 1-0: Swinging Strike 1-1: Swinging Strike 1-2: Strikes out looking
|
Batting: RHB Daryl Floyd
|
0-0: Ball 1-0: Ball 2-0: Ball 3-0: Called Strike 3-1: Base on Balls
|
Batting: RHB Alberto Hernández
|
0-0: Ball 1-0: Ball 2-0: SINGLE (Line Drive, 89S) Daryl Floyd to second
|
Batting: RHB José Aguilera
|
0-0: Ball 1-0: Called Strike 1-1: Ball 2-1: Ball 3-1: Foul Ball, location: 2F 3-2: Base on Balls Daryl Floyd to third Alberto Hernández to second
|
Batting: SHB Marvin Harris
|
0-0: Called Strike 0-1: Ball 1-1: Called Strike 1-2: Ball 2-2: Fielders Choice at 2nd, 6-4 (Groundball, 6MS)
|
Bottom of the 9th over - 3 run(s), 3 hit(s), 0 error(s), 2 left on base; Red Deer 8 - Menlo 7 |
|